PAA
VIRGINIA PALLADIUM SOX @ LAKE MINNETONKA LOVE BOATS
08/02/2037
 
TOP OF THE 1ST
Virginia Palladium Sox batting - Pitching for Lake Minnetonka Love Boats : RHP Hugo Hinojo
Pitching: RHP Hugo Hinojo
Batting: RHB Ricardo Mireles 0-0: Fly out, F8 (Flyball, 8LD, EV 96.9 MPH)
Batting: LHB Joe Karnowski 0-0: Ball
1-0: Ball
2-0: Called Strike
2-1: SINGLE (Groundball, 56D, EV 103.8 MPH)
Batting: LHB Dave Watts 0-0: Swinging Strike
0-1: Ball
1-1: Ball
2-1: Foul Ball, location: 2F
2-2: Ball
3-2: Fielders Choice at 2nd, 4-6 (Groundball, 4, EV 98.1 MPH)
Batting: RHB Leonard Carroll 0-0: Ball
1-0: DOUBLE (Flyball, 8RD, EV 103.1 MPH)
Dave Watts to third
Runner from 3rd tries for Home, SAFE, no throw by CF
Batting: LHB Santiago Miranda 0-0: Ball
1-0: Ball
2-0: Ball
3-0: Called Strike
3-1: Base on Balls
Batting: RHB Jack Cobb 0-0: Foul Ball, location: 2F
0-1: Fielders Choice at 2nd, 5-4 (Groundball, 5L, EV 88.8 MPH)
Top of the 1st over - 1 run, 2 hits, 0 errors, 2 left on base; Virginia 1 - Lake Minnetonka 0
BOTTOM OF THE 1ST
Lake Minnetonka Love Boats batting - Pitching for Virginia Palladium Sox : LHP Sergio Gallegos
Pitching: LHP Sergio Gallegos
Batting: LHB Wilton Maynard 0-0: Swinging Strike
0-1: Ball
1-1: Foul Ball, location: 2F
1-2: Ball
2-2: Strikes out swinging
Batting: RHB Martin van Veldhuizen 0-0: Ball
1-0: Ball
2-0: Called Strike
2-1: Ball
3-1: Base on Balls
Batting: LHB Alfredo Garza 0-0: Called Strike
0-1: Ball
1-1: SINGLE (Flyball, 78S, EV 90.0 MPH)
Martin van Veldhuizen to second
Batting: RHB António Amaya 0-0: Ball
1-0: Called Strike
1-1: Foul Ball, location: 2F
1-2: Ball
2-2: Foul Ball, location: 2F
2-2: Foul Ball, location: 2F
2-2: Foul Ball, location: 2F
2-2: Ball
3-2: Foul Ball, location: 2F
3-2: Foul Ball, location: 2F
3-2: Fielders Choice at 2nd, 6-4 (Groundball, 6, EV 88.1 MPH)
Martin van Veldhuizen to third
Batting: LHB Arto Toikka 0-0: Ground out 4-3 (Groundball, 4, EV 83.1 MPH)
Bottom of the 1st over - 0 runs, 1 hit, 0 errors, 2 left on base; Virginia 1 - Lake Minnetonka 0
TOP OF THE 2ND
Virginia Palladium Sox batting - Pitching for Lake Minnetonka Love Boats : RHP Hugo Hinojo
Batting: RHB Andy Garnet 0-0: Ball
1-0: Ground out 6-3 (Groundball, 6, EV 80.0 MPH)
Batting: RHB Víctor Murguia 0-0: Ball
1-0: Swinging Strike
1-1: Ball
2-1: Foul Ball, location: 2F
2-2: Foul Ball, location: 2F
2-2: Ball
3-2: SINGLE (Groundball, 3D, EV 104.4 MPH)
Batting: RHB Dave Lewis 0-0: Ball
1-0: Foul Ball, location: 2F
1-1: Called Strike
1-2: Strikes out swinging
Batting: RHB Ricardo Mireles 0-0: Foul Ball, location: 2F
0-1: Called Strike
0-2: Ball
1-2: Ball
2-2: SINGLE (Groundball, 56D, EV 105.6 MPH)
Víctor Murguia to second
Batting: LHB Joe Karnowski 0-0: Ball
1-0: Swinging Strike
1-1: Ball
2-1: Foul Ball, location: 2F
2-2: Ball
3-2: Foul Ball, location: 2F
3-2: Base on Balls
Víctor Murguia to third
Ricardo Mireles to second
Batting: LHB Dave Watts 0-0: Ball
1-0: Ball
2-0: Fly out, F8 (Flyball, 8RM, EV 83.8 MPH)
Top of the 2nd over - 0 runs, 2 hits, 0 errors, 3 left on base; Virginia 1 - Lake Minnetonka 0
BOTTOM OF THE 2ND
Lake Minnetonka Love Boats batting - Pitching for Virginia Palladium Sox : LHP Sergio Gallegos
Batting: RHB Benjamin Blunsdon 0-0: Foul Ball, location: 2F
0-1: Ground out 6-3 (Groundball, 6, EV 106.9 MPH)
Batting: RHB Yoshii Saikawa 0-0: Called Strike
0-1: Ball
1-1: Called Strike
1-2: Strikes out swinging
Batting: LHB Nicol van Gorp 0-0: Ball
1-0: Swinging Strike
1-1: Called Strike
1-2: Ball
2-2: Ball
3-2: Ground out 1-3 (Groundball, 15, EV 88.8 MPH)
Bottom of the 2nd over - 0 runs, 0 hits, 0 errors, 0 left on base; Virginia 1 - Lake Minnetonka 0
TOP OF THE 3RD
Virginia Palladium Sox batting - Pitching for Lake Minnetonka Love Boats : RHP Hugo Hinojo
Batting: RHB Leonard Carroll 0-0: Called Strike
0-1: Ball
1-1: Ball
2-1: Foul Ball, location: 2F
2-2: DOUBLE (Line Drive, 78M, EV 101.2 MPH)
Batting: LHB Santiago Miranda 0-0: Ball
1-0: Ball
2-0: Called Strike
2-1: Swinging Strike
2-2: Foul Ball, location: 2F
2-2: Ground out 4-3 (Groundball, 4M, EV 80.6 MPH)
Leonard Carroll to third
Batting: RHB Jack Cobb 0-0: Called Strike
0-1: Fly out, F8 (Flyball, 8LM, EV 97.5 MPH)
Batting: RHB Andy Garnet 0-0: Called Strike
0-1: Foul Ball, location: 2F
0-2: SINGLE (Groundball, 6MD, EV 104.4 MPH)
Leonard Carroll scores
Batting: RHB Víctor Murguia 0-0: Ball
1-0: Foul Ball, location: 2F
1-1: Ball
2-1: Foul Ball, location: 2F
2-2: Ball
3-2: Ground out 6-3 (Groundball, 6, EV 103.1 MPH)
Top of the 3rd over - 1 run, 2 hits, 0 errors, 1 left on base; Virginia 2 - Lake Minnetonka 0
BOTTOM OF THE 3RD
Lake Minnetonka Love Boats batting - Pitching for Virginia Palladium Sox : LHP Sergio Gallegos
Batting: LHB Su-wu Xiao 0-0: Ball
1-0: Ball
2-0: Fly out, F5 (Popup, 56S, EV 86.9 MPH)
Batting: LHB Wilton Maynard 0-0: Called Strike
0-1: Foul Ball, location: 2F
0-2: Strikes out swinging
Batting: RHB Martin van Veldhuizen 0-0: Ball
1-0: Swinging Strike
1-1: Ground out 6-3 (Groundball, 6M, EV 82.5 MPH)
Bottom of the 3rd over - 0 runs, 0 hits, 0 errors, 0 left on base; Virginia 2 - Lake Minnetonka 0
TOP OF THE 4TH
Virginia Palladium Sox batting - Pitching for Lake Minnetonka Love Boats : RHP Hugo Hinojo
Batting: RHB Dave Lewis 0-0: Ball
1-0: Called Strike
1-1: Called Strike
1-2: SOLO HOME RUN (Line Drive, 7D, EV 104.4 MPH), Distance : 366 ft
Batting: RHB Ricardo Mireles 0-0: Called Strike
0-1: Ball
1-1: Fly out, F7 (Flyball, 7, EV 76.2 MPH)
Batting: LHB Joe Karnowski 0-0: Swinging Strike
0-1: Ball
1-1: Swinging Strike
1-2: Foul Ball, location: 2F
1-2: Ball
2-2: Foul Ball, location: 2F
2-2: Ground out 4-3 (Groundball, 4, EV 81.9 MPH)
Batting: LHB Dave Watts 0-0: Ball
1-0: Foul Ball, location: 2F
1-1: Ball
2-1: Fly out, F9 (Flyball, 89M, EV 88.1 MPH)
Top of the 4th over - 1 run, 1 hit, 0 errors, 0 left on base; Virginia 3 - Lake Minnetonka 0
BOTTOM OF THE 4TH
Lake Minnetonka Love Boats batting - Pitching for Virginia Palladium Sox : LHP Sergio Gallegos
Batting: LHB Alfredo Garza 0-0: Ball
1-0: Called Strike
1-1: Swinging Strike
1-2: Ball
2-2: Foul Ball, location: 2F
2-2: Foul Ball, location: 2F
2-2: Foul Ball, location: 2F
2-2: Ball
3-2: Ground out 5-3 (Groundball, 56S, EV 94.4 MPH)
Batting: RHB António Amaya 0-0: Ball
1-0: Ground out 6-3 (Groundball, 6, EV 90.6 MPH)
Batting: LHB Arto Toikka 0-0: Called Strike
0-1: Fly out, F9 (Line Drive, 9, EV 91.9 MPH)
Bottom of the 4th over - 0 runs, 0 hits, 0 errors, 0 left on base; Virginia 3 - Lake Minnetonka 0
TOP OF THE 5TH
Virginia Palladium Sox batting - Pitching for Lake Minnetonka Love Boats : RHP Hugo Hinojo
Batting: RHB Leonard Carroll 0-0: Called Strike
0-1: Called Strike
0-2: Ball
1-2: Ball
2-2: Strikes out swinging
Batting: LHB Santiago Miranda 0-0: Ball
1-0: Ball
2-0: Ball
3-0: Called Strike
3-1: Ground out 4-3 (Groundball, 4, EV 100.0 MPH)
Batting: RHB Jack Cobb 0-0: Called Strike
0-1: Swinging Strike
0-2: Ground out 6-3 (Groundball, 6, EV 81.9 MPH)
Top of the 5th over - 0 runs, 0 hits, 0 errors, 0 left on base; Virginia 3 - Lake Minnetonka 0
BOTTOM OF THE 5TH
Lake Minnetonka Love Boats batting - Pitching for Virginia Palladium Sox : LHP Sergio Gallegos
Batting: RHB Benjamin Blunsdon 0-0: Swinging Strike
0-1: Called Strike
0-2: Ball
1-2: Strikes out looking
Batting: RHB Yoshii Saikawa 0-0: Ball
1-0: Ball
2-0: Foul Ball, location: 2F
2-1: Ball
3-1: SINGLE (Groundball, 56D, EV 94.4 MPH)
Batting: LHB Nicol van Gorp 0-0: Foul Ball, location: 2F
0-1: Fielders Choice at 2nd, 4-6 (Groundball, 4, EV 100.0 MPH)
Batting: LHB Su-wu Xiao 0-0: Ball
1-0: Ball
2-0: Ground out 4-3 (Groundball, 4, EV 87.5 MPH)
Bottom of the 5th over - 0 runs, 1 hit, 0 errors, 1 left on base; Virginia 3 - Lake Minnetonka 0
TOP OF THE 6TH
Virginia Palladium Sox batting - Pitching for Lake Minnetonka Love Boats : RHP Hugo Hinojo
Pitching: LHP Sean Mosley
Batting: RHB Andy Garnet 0-0: DOUBLE (Line Drive, 8LXD, EV 105.0 MPH)
Batting: RHB Víctor Murguia 0-0: Ball
1-0: Called Strike
1-1: Foul Ball, location: 2F
1-2: Ball
2-2: Foul Ball, location: 2F
2-2: Foul Ball, location: 2F
2-2: Ball
3-2: Base on Balls
Batting: RHB Dave Lewis 0-0: Ball
1-0: Ball
2-0: Ball
3-0: Called Strike
3-1: Foul Ball, location: 2F
3-2: Foul Ball, location: 2F
3-2: Foul Ball, location: 2F
3-2: SINGLE (Groundball, 6D, EV 104.4 MPH)
Andy Garnet to third
Víctor Murguia to second
Batting: RHB Ricardo Mireles 0-0: Called Strike
0-1: Ball
1-1: Called Strike
1-2: Foul Ball, location: 2F
1-2: Foul Ball, location: 2F
1-2: Foul Ball, location: 2F
1-2: DOUBLE (Flyball, 3D, EV 90.6 MPH)
Andy Garnet scores
Víctor Murguia scores
Dave Lewis to third
Batting: LHB Joe Karnowski 0-0: Called Strike
0-1: Ground out U3 (Groundball, 3, EV 85.6 MPH)
Pitching: LHP Alberto Ramos
Batting: LHB Dave Watts 0-0: Ball
1-0: Foul Ball, location: 2F
1-1: Ball
2-1: Swinging Strike
2-2: Ball
3-2: Base on Balls
Batting: RHB Leonard Carroll 0-0: Fielders Choice at 2nd, 6-4 (Groundball, 6, EV 90.0 MPH)
Dave Lewis scores
Ricardo Mireles to third
Batting: LHB Santiago Miranda 0-0: Called Strike
0-1: Ground out 2-3 (Groundball, 2R, EV 67.5 MPH)
Top of the 6th over - 3 runs, 3 hits, 0 errors, 2 left on base; Virginia 6 - Lake Minnetonka 0
BOTTOM OF THE 6TH
Lake Minnetonka Love Boats batting - Pitching for Virginia Palladium Sox : LHP Sergio Gallegos
Batting: LHB Wilton Maynard 0-0: Ball
1-0: Called Strike
1-1: Swinging Strike
1-2: Foul Ball, location: 2F
1-2: Strikes out swinging
Batting: RHB Martin van Veldhuizen 0-0: Ball
1-0: Called Strike
1-1: Foul Ball, location: 2F
1-2: Foul Ball, location: 2F
1-2: Foul Ball, location: 2F
1-2: Ball
2-2: Strikes out swinging
Batting: LHB Alfredo Garza 0-0: Fly out, F8 (Flyball, 8LS, EV 96.2 MPH)
Bottom of the 6th over - 0 runs, 0 hits, 0 errors, 0 left on base; Virginia 6 - Lake Minnetonka 0
TOP OF THE 7TH
Virginia Palladium Sox batting - Pitching for Lake Minnetonka Love Boats : LHP Alberto Ramos
Batting: RHB Jack Cobb 0-0: Called Strike
0-1: Swinging Strike
0-2: Reached on error, E5 (Groundball, 56, EV 81.2 MPH)
Batting: RHB Andy Garnet 0-0: Foul Ball, location: 2F
0-1: Ball
1-1: Ball
2-1: Ball
3-1: Base on Balls
Batting: RHB Víctor Murguia 0-0: Ball
1-0: Ball
2-0: SINGLE (Groundball, 4MD, EV 103.8 MPH)
Jack Cobb to third
Andy Garnet to second
Batting: RHB Dave Lewis 0-0: Swinging Strike
0-1: Foul Ball, location: 2F
0-2: Foul Ball, location: 2F
0-2: Ball
1-2: Strikes out swinging
Batting: RHB Ricardo Mireles 0-0: Ball
1-0: SINGLE (Groundball, 34D, EV 100.0 MPH)
Jack Cobb scores
Andy Garnet to third
Víctor Murguia to second
Runner from 3rd tries for Home, SAFE, no throw by RF
Pinch Hitting: RHB Tom Matthews 0-0: Ball
1-0: SINGLE (Line Drive, 7S, EV 104.4 MPH)
Víctor Murguia to third
Ricardo Mireles to second
Batting: LHB Dave Watts 0-0: Foul Ball, location: 2F
0-1: Ball
1-1: Swinging Strike
1-2: Fielders Choice at 2nd, 3-6 (Groundball, 3, EV 80.6 MPH)
Víctor Murguia scores
Ricardo Mireles to third
Batting: RHB Leonard Carroll 0-0: Ball
1-0: Ball
2-0: Ball
3-0: Called Strike
3-1: SINGLE (Line Drive, 56, EV 97.5 MPH)
Ricardo Mireles scores
Dave Watts to second
Batting: LHB Santiago Miranda 0-0: Called Strike
0-1: Ball
1-1: Foul Ball, location: 2F
1-2: Ball
2-2: Foul Ball, location: 2F
2-2: Ball
3-2: Ground out 6-3 (Groundball, 6, EV 75.0 MPH)
Top of the 7th over - 4 runs, 4 hits, 1 error, 2 left on base; Virginia 10 - Lake Minnetonka 0
BOTTOM OF THE 7TH
Lake Minnetonka Love Boats batting - Pitching for Virginia Palladium Sox : LHP Sergio Gallegos
Now in LF: Tom Matthews
Pinch Hitting: RHB Laquvionte Gonzáles 0-0: Ball
1-0: Called Strike
1-1: Foul Ball, location: 2F
1-2: Strikes out swinging, 2-3 out at first.
Pinch Hitting: RHB Curt Allen 0-0: Foul Ball, location: 2F
0-1: DOUBLE (Line Drive, 7LS, EV 88.1 MPH)
Batting: RHB Benjamin Blunsdon 0-0: Called Strike
0-1: Ball
Wild Pitch!
Curt Allen to third
1-1: Ground out 6-3 (Groundball, 6, EV 77.5 MPH)
Curt Allen scores
Pinch Hitting: SHB Joe Chute 0-0: Called Strike
0-1: Foul Ball, location: 2F
0-2: Ball
1-2: Foul Ball, location: 2F
1-2: Ball
2-2: Strikes out looking
Bottom of the 7th over - 1 run, 1 hit, 0 errors, 0 left on base; Virginia 10 - Lake Minnetonka 1
TOP OF THE 8TH
Virginia Palladium Sox batting - Pitching for Lake Minnetonka Love Boats : LHP Alberto Ramos
Now at 1B: Eric Martínez
Now at 3B: Laquvionte Gonzáles
Now at SS: Frans Boone
Batting: RHB Jack Cobb 0-0: Called Strike
0-1: Ball
1-1: Called Strike
1-2: Fly out, F3 (Popup, 23F, EV 83.8 MPH)
Batting: RHB Andy Garnet 0-0: Ball
1-0: Ball
2-0: Foul Ball, location: 2F
2-1: Ball
3-1: Base on Balls
Batting: RHB Víctor Murguia 0-0: Called Strike
0-1: Ball
1-1: Ball
2-1: Called Strike
2-2: Ball
3-2: Strikes out looking
Batting: RHB Dave Lewis 0-0: Ball
1-0: Ball
2-0: Called Strike
2-1: DOUBLE (Line Drive, 78M, EV 104.4 MPH)
Andy Garnet to third
Runner from 3rd tries for Home, SAFE, no throw by LF
Batting: RHB Ricardo Mireles 0-0: Ball
1-0: Fly out, F9 (Flyball, 89M, EV 88.1 MPH)
Top of the 8th over - 1 run, 1 hit, 0 errors, 1 left on base; Virginia 11 - Lake Minnetonka 1
BOTTOM OF THE 8TH
Lake Minnetonka Love Boats batting - Pitching for Virginia Palladium Sox : LHP Sergio Gallegos
Pitching: RHP Evan Groenevelt
Batting: LHB Nicol van Gorp 0-0: Ball
1-0: SINGLE (Groundball, 4MD, EV 101.2 MPH)
Batting: LHB Su-wu Xiao 0-0: Called Strike
0-1: Called Strike
0-2: Ball
1-2: Foul Ball, location: 2F
1-2: Ball
2-2: Ball
3-2: Fielders Choice at 2nd, 4-6 (Groundball, 4, EV 90.6 MPH)
Pinch Hitting: RHB Alejandro Mingo 0-0: Called Strike
0-1: Foul Ball, location: 2F
0-2: Foul Ball, location: 2F
0-2: Ball
1-2: Grounds into double play, 5-4-3 (Groundball, 56, EV 85.0 MPH)
Bottom of the 8th over - 0 runs, 1 hit, 0 errors, 0 left on base; Virginia 11 - Lake Minnetonka 1
TOP OF THE 9TH
Virginia Palladium Sox batting - Pitching for Lake Minnetonka Love Boats : LHP Alberto Ramos
Now in LF: Alejandro Mingo
Batting: RHB Tom Matthews 0-0: Ball
1-0: Swinging Strike
1-1: Ball
2-1: DOUBLE (Flyball, 8RXD, EV 108.8 MPH)
Pitching: LHP Rizal Pacheco
Batting: LHB Dave Watts 0-0: Ball
1-0: Called Strike
1-1: Ball
2-1: Ball
3-1: Foul Ball, location: 2F
3-2: Foul Ball, location: 2F
3-2: Base on Balls
Batting: RHB Leonard Carroll 0-0: Fielders Choice at 2nd, 4-6 (Groundball, 4, EV 85.6 MPH)
Tom Matthews to third
Batting: LHB Santiago Miranda 0-0: Ball
1-0: Swinging Strike
1-1: Called Strike
1-2: Ball
2-2: Foul Ball, location: 2F
2-2: Foul Ball, location: 2F
2-2: Foul Ball, location: 2F
2-2: Strikes out looking
Batting: RHB Jack Cobb 0-0: Ball
1-0: Ground out 5-3 (Groundball, 56S, EV 81.2 MPH)
Top of the 9th over - 0 runs, 1 hit, 0 errors, 2 left on base; Virginia 11 - Lake Minnetonka 1
BOTTOM OF THE 9TH
Lake Minnetonka Love Boats batting - Pitching for Virginia Palladium Sox : RHP Evan Groenevelt
Batting: RHB Martin van Veldhuizen 0-0: Ball
1-0: Called Strike
1-1: Ball
2-1: Foul Ball, location: 2F
2-2: SOLO HOME RUN (Flyball, 78XD, EV 98.1 MPH), Distance : 398 ft
Batting: LHB Alfredo Garza 0-0: Ball
1-0: Called Strike
1-1: Ball
2-1: Ball
3-1: Called Strike
3-2: DOUBLE (Line Drive, 9LM, EV 92.5 MPH)
Batting: RHB Laquvionte Gonzáles 0-0: Ball
1-0: Called Strike
1-1: Swinging Strike
1-2: Ground out 4-3 (Groundball, 4M, EV 98.8 MPH)
Alfredo Garza to third
Batting: RHB Eric Martínez 0-0: Called Strike
0-1: Ball
1-1: Foul Ball, location: 2F
1-2: Ground out 4-3 (Groundball, 4, EV 101.2 MPH)
Alfredo Garza scores
Batting: RHB Benjamin Blunsdon 0-0: Ball
1-0: Called Strike
1-1: Ball
2-1: Foul Ball, location: 2F
2-2: Ground out U3 (Groundball, 34, EV 110.6 MPH)
Bottom of the 9th over - 2 runs, 2 hits, 0 errors, 0 left on base; Virginia 11 - Lake Minnetonka 3
Thursday, January 23rd, 2020 - OOTP Baseball 20.8 Build 74